 Dungeon Crawl Stone Soup version 0.16-a0-691-g21e4870 (webtiles) character file.

726 RobertPalmer the Covert (level 7, -1/45 HPs)
             Began as an Octopode Assassin on Sept 19, 2014.
             Killed from afar by an orc wizard (6 damage)
             ... with a magic dart
             ... on Level 4 of the Dungeon.
             The game lasted 00:16:27 (5959 turns).

RobertPalmer the Covert (Octopode Assassin)         Turns: 5959, Time: 00:16:27

HP  -1/45        AC  1     Str 10      XL: 7   Next: 72%
MP   7/7         EV 12     Int 14      God:
Gold 217         SH  5     Dex 15      Spells:  0 memorised,  6 levels left

rFire  . . .     SeeInvis .     b - +0 blowgun
rCold  . . .     Clarity  .     r - +0 buckler
rNeg   . . .     rCorr    .     (helmet restricted)
rPois  .         rRot     .     (no amulet)
rElec  .         Spirit   .     (no ring)
SustAb .         Warding  .     (no ring)
rMut   .         Stasis   .     (no ring)
Gourm  .                        (no ring)
MR     .....                    (no ring)
                                (no ring)
                                (no ring)
                                (no ring)

@: not resistant to hostile enchantments, very stealthy
A: almost no armour, amphibious, 8 rings, constrict 8, camouflage 1, gelatinous
body 1
a: no special abilities


You were on level 4 of the Dungeon.
You were hungry.

You visited 1 branch of the dungeon, and saw 4 of its levels.

You collected 217 gold pieces.


Innate Abilities, Weirdness & Mutations

You cannot wear most types of armour.
You are amphibious.
You can wear up to eight rings at the same time.
You can use your tentacles to constrict many enemies at once.
Your skin changes colour to match your surroundings (Stealth).
Your rubbery body absorbs attacks (AC +1).


   Skills:
 - Level 2.0 Fighting
 - Level 2.0 Short Blades
 - Level 2.0 Throwing
 - Level 1.0 Dodging
 + Level 10.4 Stealth
 - Level 5.0 Shields


You had 6 spell levels left.
You didn't know any spells.

Inventory:

Hand weapons
 a - a +1 dagger of speed
 b - a +0 blowgun (weapon)
Missiles
 e - 20 poisoned needles (quivered)
 f - 5 curare-tipped needles
Armour
 r - a +0 buckler (worn)
Magical devices
 i - a wand of digging (12) {unknown}
Comestibles
 g - 4 bread rations
 u - a meat ration
Scrolls
 h - a scroll of amnesia
 l - 2 scrolls of identify
 p - a scroll of fog {unknown}
 s - a scroll of immolation {unknown}
 v - a scroll of recharging
Potions
 c - a potion of mutation {unknown}
 d - a potion of haste {unknown}
 j - a potion of curing
 k - 2 potions of brilliance {unknown}
 m - 3 potions of poison {unknown}
 n - a potion of confusion {unknown}
 o - 2 potions of heal wounds {unknown}
 q - 2 potions of restore abilities

Dungeon Overview and Level Annotations

Branches:
Dungeon (4/15)
 Temple: D:4-7

Altars:

Annotations:
D:3 RobertPalmer's ghost, average OpAs

###.....%.# #..........#
###...##....# #..........#
....#####..## #..........#
#...#####...#####....<.....#
..#..<...........###.#######
.##########......#....# ##
#...#####....# #
#..#####.....#
####.oo...@.....#
#####((...#####<....#
###.....##...# #...###
....#(.....#.# ##...#
......)....#.# #...##
.......(...).# #...#
.............# #g..#
.............###...#
.........)....##.###


You could see an orc wizard and an orc.


Message History

You shoot a poisoned needle.
The poisoned needle hits the orc wizard.
The orc wizard looks even sicker.
The orc wizard casts a spell at you. The magic dart hits you!
* * * LOW HITPOINT WARNING * * *
Firing (i - inventory. (,) - cycle):
e - 21 poisoned needles (quivered)
Aim: an orc wizard, wielding a dagger and wearing a robe (moderately wounded, fast, poisoned)
You shoot a poisoned needle.
The poisoned needle closely misses the orc wizard.
The poisoned needle closely misses the scorpion.
The orc wizard closely misses you. The orc barely misses you.
The orc wizard gestures at you while chanting.
The puff of frost hits you!
* * * LOW HITPOINT WARNING * * *
Drink which item? (? for menu, Esc to quit)
You feel better.
The orc wizard's eyes start to glow.
The orc barely misses you.
The orc shouts!
The orc wizard mumbles some strange words.
You feel troubled. You block the orc's attack.
The orc wizard hits you but does no damage.
The orc wizard casts a spell at you. The puff of frost hits you!
* * * LOW HITPOINT WARNING * * *
The orc wizard points at you and mumbles some strange words.
The magic dart hits you!
You die...

Action                   |  1- 3 |  4- 6 |  7- 9 || total
-------------------------+-------+-------+-------++-------
Melee: Dagger            |    79 |   282 |    26 ||   387
 Fire: Blowgun           |    11 |    34 |    25 ||    70
  Use: Scroll            |       |     4 |       ||     4
       Potion            |       |       |     4 ||     4
 Stab: Sleeping          |     5 |    17 |     2 ||    24
       Distracted        |       |     3 |     3 ||     6
  Eat: Chunk             |       |     8 |     2 ||    10
       Meat ration       |       |     1 |       ||     1

Vault maps used:
D:1:      saegor_arrival_miasma
D:2:      kennysheep_the_goblin_king
D:3:      minmay_goblin_kobold_castle
D:4:      first_bread, kennysheep_potato, uniq_edmund

Notes
Turn   | Place    | Note
--------------------------------------------------------------
     0 | D:1      | RobertPalmer, the Octopode Assassin, began the quest for the Orb.
     0 | D:1      | Reached XP level 1. HP: 14/14 MP: 1/1
    71 | D:1      | Reached skill level 6 in Stealth
    71 | D:1      | Reached XP level 2. HP: 19/19 MP: 2/2
   436 | D:2      | Reached XP level 3. HP: 20/24 MP: 3/3
   510 | D:2      | Reached skill level 7 in Stealth
   854 | D:2      | Noticed Ijyb
   930 | D:2      | Killed Ijyb
   930 | D:2      | Reached XP level 4. HP: 12/29 MP: 4/4
  1175 | D:2      | Reached skill level 8 in Stealth
  1806 | D:3      | Reached XP level 5. HP: 32/34 MP: 5/5
  1984 | D:3      | Noticed RobertPalmer's ghost (average OpAs)
  2138 | D:3      | Reached skill level 9 in Stealth
  3487 | D:3      | HP: 3/34 [goblin/ stone (5)]
  3953 | D:3      | Reached XP level 6. HP: 35/39 MP: 6/6
  4496 | D:3      | Noticed a big kobold
  4541 | D:3      | Reached skill level 1 in Shields
  4619 | D:3      | Killed a big kobold
  4619 | D:3      | Reached skill level 2 in Shields
  5015 | D:4      | Reached skill level 3 in Shields
  5051 | D:4      | Noticed Edmund
  5054 | D:4      | Killed Edmund
  5054 | D:4      | Reached skill level 4 in Shields
  5054 | D:4      | Reached XP level 7. HP: 38/45 MP: 7/7
  5827 | D:4      | Reached skill level 5 in Shields
  5936 | D:4      | Reached skill level 10 in Stealth
  5958 | D:4      | HP: 4/45 [orc wizard/puff of frost (13)]
  5959 | D:4      | Killed from afar by an orc wizard

Vanquished Creatures
  Edmund (D:4)
  An ogre (D:4)
  A big kobold (D:3)
  A hound (D:4)
  2 worker ants (D:4)
  An orc wizard (D:4)
  Ijyb (D:2)
  6 adders
  7 gnolls
  4 worms (D:3)
  5 giant geckos
  An ooze (D:4)
  9 orcs
  8 giant cockroaches
  31 hobgoblins
  3 quokkas
  A ball python (D:3)
  10 bats
  5 giant newts
  48 goblins
  9 kobolds
  17 rats
  A rat zombie (D:4)
173 creatures vanquished.
